 Dungeon Crawl Stone Soup version 0.29.0-5-ge4962eb29e (webtiles) character file.

Game seed: 11843047939500225835

11 gelatine the Magician (level 2, 0/20 HPs)
             Began as a Palentonga Hedge Wizard on Aug 29, 2022.
             Slain by a kobold
             ... wielding a +0 club
              (3 damage)
             ... on level 1 of the Dungeon.
             The game lasted 00:01:19 (742 turns).

gelatine the Magician (Palentonga Hedge Wizard)      Turns: 742, Time: 00:01:20

Health: 0/20       AC:  4    Str: 15    XL:     2   Next: 13%
Magic:  6/6        EV:  9    Int: 14    God:
Gold:   46         SH:  0    Dex:  9    Spells: 6/7 levels left

rFire   . . .      SeeInvis +   a - +0 dagger
rCold   . . .      Faith    .   (no shield)
rNeg    . . .      Spirit   .   b - +0 robe
rPois   .          Reflect  .   c - +0 hat
rElec   .          Harm     .   (no cloak)
rCorr   .          Rampage  .   (no gloves)
Will    .....                   (no barding)
Stlth   +.........              (no amulet)
HPRegen 0.06/turn               (no ring)
MPRegen 0.10/turn               (no ring)

@: no status effects
A: large, rugged brown scales 3, see invisible, deformed body, roll 1, armoured
tail
a: Rolling Charge


You were on level 1 of the Dungeon.
You visited 1 branch of the dungeon, and saw 1 of its levels.

You collected 46 gold pieces.

Inventory:

Hand Weapons
 a - a +0 dagger (weapon)
Armour
 b - a +0 robe (worn)
 c - a +0 hat (worn)
Jewellery
 f - a ring of protection from fire
Potions
 d - a potion of magic
 e - a potion of ambrosia {unknown}


   Skills:
 + Level 0.2 Short Blades
 + Level 1.7 Dodging
 + Level 1.2 Stealth
 + Level 3.3 Spellcasting
 + Level 1.0 Conjurations
 + Level 0.7 Summonings
 + Level 1.0 Translocations


You had 6 spell levels left.
You knew the following spells:

 Your Spells              Type           Power      Damage    Failure   Level
a - Magic Dart            Conj           20%        1d4       14%         1

Your spell library contained the following spells:

 Spells                   Type           Power      Damage    Failure   Level
 Slow                     Hex            8%         N/A       21%         1
 Blink                    Tloc           10%        N/A       21%         2
 Call Imp                 Summ           4%         N/A       24%         2
 Conjure Flame            Conj/Fire      3%         6-21      45%         3
 Mephitic Cloud           Conj/Pois/Air  3%         N/A       47%         3


Dungeon Overview and Level Annotations

Branches:
Dungeon (1/15)

Altars:

Shops:
D:1 *


Innate Abilities, Weirdness & Mutations

You are completely covered in rugged brown scales. (AC +3, +7% HP)
You have supernaturally acute eyesight. (SInv)
Armour fits poorly on your strangely shaped body.
You can roll at nearby foes to attack.
You have a long armoured tail.


Message History

You hit the endoplasm but do no damage.
The endoplasm is heavily wounded.
The endoplasm hits you but does no damage.
You hit the endoplasm but do no damage.
The endoplasm is heavily wounded.
The endoplasm hits you.
You hit the endoplasm.
The endoplasm is almost dead.
The endoplasm hits you.
You hit the endoplasm but do no damage.
The endoplasm is almost dead.
The endoplasm hits you but does no damage.
You hit the endoplasm.
You kill the endoplasm!
You hit the kobold. You tail-slap the kobold.
You kill the kobold!
You hit the kobold but do no damage.
Your tail-slap misses the kobold.
The kobold barely misses you.
You hit the kobold but do no damage. The kobold hits you but does no damage.
You barely miss the kobold. The kobold hits you with a +0 club.
You barely miss the kobold. The kobold hits you but does no damage.
You hit the kobold but do no damage.
Your tail-slap misses the kobold.
The kobold hits you with a +0 club.
* * * LOW HITPOINT WARNING * * *
You hit the kobold but do no damage.
Your tail-slap misses the kobold.
The kobold hits you but does no damage.
You closely miss the kobold. The kobold barely misses you.
You miss the kobold. The kobold hits you with a +0 club.
* * * LOW HITPOINT WARNING * * *
You hit the kobold.
The kobold is moderately wounded.
The kobold hits you with a +0 club.
* * * LOW HITPOINT WARNING * * *
You barely miss the kobold.
Your tail-slap misses the kobold.
The kobold is moderately wounded.
The kobold hits you but does no damage.
You hit the kobold but do no damage.
The kobold is moderately wounded.
The kobold hits you with a +0 club.
You die...

####.#########
###.# #...
#........#.. .$#.#
##.# #.##.###.#.#
#.#.# #.# # #.#
#รท#.#####.#.###
#+# #.#
#.#.##....K... #.#
#)#.##.##.#.# . #.#
#.#.##.##..#
....###.#.##K#..#?#
..........@KK...#K#
...#.#######.#...#K
# #.##.#.##
#.##.....
#.###..... #.#
###### #.# #.#


You could see 3 kobolds.

Vanquished Creatures
  A dart slug (D:1)
  2 endoplasms (D:1)
  A hobgoblin (D:1)
  2 kobolds (D:1)
  A quokka (D:1)
7 creatures vanquished.

Notes
Turn   | Place    | Note
-------+----------+-------------------------------------------
     0 | D:1      | gelatine the Palentonga Hedge Wizard began the quest for
                  | the Orb.
     0 | D:1      | Reached XP level 1. HP: 13/13 MP: 4/4
   108 | D:1      | Found Egozeps's Assorted Antiques.
   490 | D:1      | Reached skill level 1 in Conjurations
   490 | D:1      | Reached XP level 2. HP: 7/20 MP: 0/6
   742 | D:1      | Slain by a kobold

Illustrated notes

Levels and vault maps discovered:
D:1:      zaba_arrival_water, layout_loops_corners,
          hellmonk_ecumenical_altar_crossroads, serial_shops,
          nicolae_shop_advertising_works [nicolae_subvault_shop_adworks],
          nicolae_diamond_shop, nicolae_shop_behind_doors, shop,
          nicolae_shop_overgrown_old_shop, chequers_serial_rivers_small_b,
          minmay_small_reverse_x

Skill      XL: |  1 |
---------------+----+-----
Conjurations   | 1 |  1.0
Short Blades   | |  0.2
Dodging        | |  1.7
Stealth        | |  1.2
Spellcasting   | |  3.3
Summonings     | |  0.7
Translocations | |  1.0

Action                   || total
-------------------------++-------
Melee: Dagger            ||    51
       Tailslap          ||     2
 Cast: Magic Dart        ||    16
 Abil: Rolling Charge    ||     2
Armor: Robe              ||    16
Dodge: Dodged            ||    20
